 Dungeon Crawl Stone Soup version 0.20.0-10-g0535bb4 (webtiles) character file.

277 grindst0ne the Skirmisher (level 6, -1/61 HPs)
             Began as a Gargoyle Fighter on June 4, 2017.
             Slain by a killer bee (6 damage)
             ... on level 3 of the Dungeon.
             The game lasted 00:03:13 (1515 turns).

grindst0ne the Skirmisher (Gargoyle Fighter)        Turns: 1515, Time: 00:03:14

Health: -1/61      AC: 23    Str: 19    XL:     6   Next: 25%
Magic:  6/6        EV:  2    Int:  9    God:
Gold:   62         SH:  9    Dex: 11    Spells: 5/5 levels left

rFire    . . .     SeeInvis .   a - +0 war axe
rCold    . . .     Gourm    .   c - +0 shield
rNeg     + + +     Faith    .   (armour currently unavailable)
rPois    ∞         Spirit   .   (helmet currently unavailable)
rElec    .         Reflect  .   (cloak currently unavailable)
rCorr    .         Harm     .   (gloves currently unavailable)
MR       .....     NoTele   +   (boots currently unavailable)
Stlth    ++........             (no amulet)
Regen    0.2/turn               h - ring of positive energy
MPRegen  0.1/turn               p - ring of stealth

@: tree-form
A: negative energy resistance 1, petrification resistance, rot immunity, AC +4
a: no special abilities


You were on level 3 of the Dungeon.
You were not hungry.
You were a tree.
You visited 1 branch of the dungeon, and saw 3 of its levels.

You collected 62 gold pieces.

Inventory:

Hand Weapons
 a - a +0 war axe (weapon)
Armour
 b - a +0 scale mail (melded)
 c - a +0 shield (worn)
Jewellery
 h - a ring of positive energy (left branch)
 p - a ring of stealth (right branch)
Scrolls
 e - 2 scrolls of remove curse {unknown}
 g - a scroll of enchant weapon {unknown}
 k - 3 scrolls of identify {unknown}
 l - a scroll of immolation {unknown}
 q - a scroll of blinking {unknown}
Potions
 j - a potion of lignification
 m - a potion of brilliance {unknown}
 o - a potion of berserk rage {unknown}
Comestibles
 f - 2 bread rations
 n - 2 meat rations
 r - 3 chunks of flesh


   Skills:
 - Level 6.3 Fighting
 - Level 1.7 Axes
 + Level 5.2 Armour
 - Level 3.2 Shields


You had 5 spell levels left.
You didn't know any spells.

Dungeon Overview and Level Annotations

Branches:
Dungeon (3/15)

Altars:
Ru
Zin


Innate Abilities, Weirdness & Mutations

You are resistant to torment.
((Your stone body is resilient. (AC +4)))
You are immune to poison.
You resist negative energy. (rN+)
((You are resistant to electric shocks. (rElec)))
((You can survive without breathing.))
You are immune to petrification.
You are immune to rotting.


Message History

You miss the killer bee.
The killer bee is moderately wounded.
The killer bee stings you.
* * * LOW HITPOINT WARNING * * *
The killer bee stings you but does no damage.
You block the killer bee's attack.
You completely miss the killer bee.
The killer bee is moderately wounded.
The killer bee stings you but does no damage. x2
The killer bee barely misses you.
You completely miss the killer bee.
The killer bee is moderately wounded.
You block the killer bee's attack. The killer bee barely misses you.
The killer bee stings you.
* * * LOW HITPOINT WARNING * * *
You block the killer bee's attack.
You hit the killer bee but do no damage.
The killer bee is moderately wounded.
The killer bee stings you.
You die...

#.# #...#
#.# #.#
##.## #.#
######.#
#.# #.#
#......#
#.# #.#
#.######
#.# #.# #.#
#.# #.#####
#.# #...†.#
#.# #####♣#
#.# #y#
#.#####.##
##.....$...
#...####.##
#........#
..y......#
#.########
.


You could see a killer bee.

Vanquished Creatures
  5 killer bees (D:3)
  3 adders
  2 oozes (D:1)
  A worm (D:3)
  2 leopard geckos
  3 bats
  A giant cockroach (D:1)
  2 goblins
  4 jackals (D:1)
  A kobold (D:2)
  A rat (D:2)
25 creatures vanquished.

Notes
Turn   | Place    | Note
-------+----------+-------------------------------------------
     0 | D:1      | grindst0ne the Gargoyle Fighter began the quest for the Orb.
     0 | D:1      | Reached XP level 1. HP: 14/14 MP: 1/1
   281 | D:1      | Reached skill level 4 in Fighting
   281 | D:1      | Reached XP level 2. HP: 20/20 MP: 2/2
   803 | D:2      | Reached XP level 3. HP: 24/24 MP: 3/3
   824 | D:2      | Found a glowing silver altar of Zin.
  1044 | D:2      | Found a sacrificial altar of Ru.
  1152 | D:2      | Reached skill level 5 in Fighting
  1437 | D:3      | Noticed a killer bee
  1438 | D:3      | Noticed a killer bee
  1447 | D:3      | Killed a killer bee
  1447 | D:3      | Reached XP level 4. HP: 27/32 MP: 4/4
  1454 | D:3      | Reached skill level 6 in Fighting
  1454 | D:3      | Reached XP level 5. HP: 29/36 MP: 5/5
  1489 | D:3      | Reached XP level 6. HP: 19/41 MP: 6/6
  1508 | D:3      | Reached skill level 5 in Armour
  1515 | D:3      | Slain by a killer bee

Skill      XL: |  1  2  3  4  5  6 |
---------------+-------------------+-----
Fighting       | 4 5 6 |  6.3
Armour         | 4 5 |  5.2
Axes           | |  1.7
Shields        | |  3.2

Action                   |  1- 3 |  4- 6 || total
-------------------------+-------+-------++-------
Melee: War axe           |    92 |    53 ||   145
  Use: Potion            |     2 |     3 ||     5
  Eat: Chunk             |     2 |       ||     2
Armor: Scale mail        |    67 |    36 ||   103
       Skin              |       |    11 ||    11
Dodge: Dodged            |    46 |    29 ||    75
Block: Shield            |    63 |    50 ||   113
